Workbook

Sheet Share buyback program SBB 
A1: ARCELORMITTAL - Share Buy Back (SBB) Monthly update (amounts are in Euros) | F1: Share buyback program | ArcelorMittal
B3: Date | C3: Market | D3: Significant shareholder | E3: # shares | F3: Price/share € (weekly average) | G3: Total € | H3: Average €
B4: 2026
A5: SBB 10 million shares (Q3'26) Tranche 2
B6: 28/30 Sep | C6: 86534 | D6: 69664 | E6: =D6+C6 -> 156198 | F6: 60.8082 | G6: =E6*F6 -> 9498119.2
B7: 21/25 Sep | C7: 400000 | D7: 322020 | E7: =D7+C7 -> 722020 | F7: 63.277918 | G7: =E7*F7 -> 45687923
B8: 14/18 Sep | C8: 415253 | D8: 334299 | E8: =D8+C8 -> 749552 | F8: 63.831895 | G8: =E8*F8 -> 47845324
B9: 07/11 Sep | C9: 208249 | D9: 167650 | E9: =D9+C9 -> 375899 | F9: 65.270047 | G9: =E9*F9 -> 24534945
B10: 31 Aug./4 Sept. | C10: 25000 | D10: 20126 | E10: =D10+C10 -> 45126 | F10: 65.2914 | G10: =E10*F10 -> 2946339.7
B11: 24-28 Aug | C11: 192505 | D11: 154975 | E11: =D11+C11 -> 347480 | F11: 63.675515 | G11: =E11*F11 -> 22125968
B12: 17/21 Aug | C12: 370000 | D12: 297868 | E12: =D12+C12 -> 667868 | F12: 62.610993 | G12: =E12*F12 -> 41815879
B13: 10/14 Aug | C13: 174340 | D13: 140352 | E13: =D13+C13 -> 314692 | F13: 63.553068 | G13: =E13*F13 -> 19999642
B14: 03/07 Aug | C14: 20000 | D14: 16101 | E14: =D14+C14 -> 36101 | F14: 61.6612 | G14: =E14*F14 -> 2226031
A16: SBB 10 million shares (Q2'25 -Q2'26) Tranche 1 | B16: 46202 | C16: 246385 | D16: 198353 | E16: =D16+C16 -> 444738 | F16: 52.2783 | G16: =E16*F16 -> 23250147
B17: 22/26 June | C17: 877000 | D17: 706031 | E17: =D17+C17 -> 1583031 | F17: 54.0568 | G17: =E17*F17 -> 85573590
B18: 15/19 June | C18: 782019 | D18: 629565 | E18: =D18+C18 -> 1411584 | F18: 57.3551 | G18: =E18*F18 -> 80961541
B19: 08/12 June | C19: 1330800 | D19: 1071363 | E19: =D19+C19 -> 2402163 | F19: 57.7191 | G19: =E19*F19 -> 1.3865069e+08
B20: 18/22 May | C20: 447315 | D20: 360111 | E20: =D20+C20 -> 807426 | F20: 53.1815 | G20: =E20*F20 -> 42940126
B21: 11/15 May | C21: 451888 | D21: 363791 | E21: =D21+C21 -> 815679 | F21: 52.6663 | G21: =E21*F21 -> 42958795
B22: 04/08 May | C22: 296600 | D22: 238779 | E22: =D22+C22 -> 535379 | F22: 51.2171 | G22: =E22*F22 -> 27420560
B23: 2025
B24: 16/20 June | C24: 106361 | D24: 0 | E24: =C24 -> 106361 | F24: 26.426538 | G24: =E24*F24 -> 2810753
B25: 09/13 June | C25: 406732 | D25: 0 | E25: =C25 -> 406732 | F25: 26.286728 | G25: =E25*F25 -> 10691653
B26: 2/6 June | C26: 458845 | D26: 0 | E26: =C26 -> 458845 | F26: 26.3954 | G26: =E26*F26 -> 12111397
B27: 19/23 May | C27: 792934 | D27: 0 | E27: =C27 -> 792934 | F27: 26.246 | G27: =E27*F27 -> 20811346
B28: 07/09 Apr | C28: 235128 | D28: 0 | E28: =C28 -> 235128 | F28: 21.489068 | G28: =E28*F28 -> 5052681.6
A30: SBB 85 million shares (Q2'23-Q2'25) | B30: 31Mar/01 Apr | C30: 2322559 | D30: 0 | E30: =C30 -> 2322559 | F30: 26.5875 | G30: =E30*F30 -> 61751037
B31: 25/28 Mar | C31: 2574328 | D31: 0 | E31: =C31 -> 2574328 | F31: 28.125573 | G31: =E31*F31 -> 72404450
B32: 17/21 Mar | C32: 1250000 | D32: 0 | E32: =C32 -> 1250000 | F32: 29.17514 | G32: =E32*F32 -> 36468925
B33: 10/14 Mar | C33: 472372 | D33: 0 | E33: =C33 -> 472372 | F33: 28.667982 | G33: =E33*F33 -> 13541952
B34: 03/04 Mar | C34: 172300 | D34: 0 | E34: =C34 -> 172300 | F34: 27.52843 | G34: =E34*F34 -> 4743148.5
B35: 2024
B36: 16/20 Dec | C36: 500000 | D36: 0 | E36: 500000 | F36: 23.5596 | G36: =E36*F36 -> 11779800
B37: 9/13 Dec | C37: 500000 | D37: 0 | E37: 500000 | F37: 23.9887 | G37: =E37*F37 -> 11994350
B38: 2/6 Dec | C38: 1218911 | D38: 0 | E38: 1218911 | F38: 23.8958 | G38: =E38*F38 -> 29126853
B39: 25/29 Nov | C39: 2224103 | D39: 0 | E39: =C39 -> 2224103 | F39: 23.433645 | G39: =E39*F39 -> 52118839
B40: 18/22 Nov | C40: 900000 | D40: 0 | E40: =C40 -> 900000 | F40: 23.8925 | G40: =E40*F40 -> 21503250
B41: 10/12 Sep | C41: 1007425 | D41: 0 | E41: =C41 -> 1007425 | F41: 19.883538 | G41: =E41*F41 -> 20031173
B42: 04/06 Sep | C42: 708216 | D42: 0 | E42: =C42 -> 708216 | F42: 19.986705 | G42: =E42*F42 -> 14154904
B43: 19/21 Aug | C43: 1306103 | D43: 0 | E43: =C43 -> 1306103 | F43: 20.729743 | G43: =E43*F43 -> 27075179
B44: 12/16 Aug | C44: 2280370 | D44: 0 | E44: =C44 -> 2280370 | F44: 19.972414 | G44: =E44*F44 -> 45544495
B45: 05/09 Aug | C45: 2280181 | D45: 0 | E45: =C45 -> 2280181 | F45: 19.689474 | G45: =E45*F45 -> 44895564
B46: 22/24 Jul | C46: 518776 | D46: 0 | E46: =C46 -> 518776 | F46: 20.836433 | G46: =E46*F46 -> 10809441
B47: 15/19 Jul | C47: 1125000 | D47: 0 | E47: =C47 -> 1125000 | F47: 21.2239 | G47: =E47*F47 -> 23876888
B48: 08/12 Jul | C48: 1125000 | D48: 0 | E48: =C48 -> 1125000 | F48: 21.1122 | G48: =E48*F48 -> 23751225
B49: 01/05 Jul | C49: 1575000 | D49: 0 | E49: =C49 -> 1575000 | F49: 21.493571 | G49: =E49*F49 -> 33852375
B50: 24/27 June | C50: 1809674 | D50: 0 | E50: =C50 -> 1809674 | F50: 21.778613 | G50: =E50*F50 -> 39412190
... B70: 02/05 Jan | C70: 726345 | D70: 0 | E70: =C70 -> 726345 | F70: 25.423573 | G70: =E70*F70 -> 18466285
B71: 2023
B72: 11/15 Dec | C72: =870898+72834+800000 -> 1743732 | D72: 0 | E72: =C72 -> 1743732 | F72: 23.934371 | G72: =E72*F72 -> 41735128
B73: 04/08 Dec | C73: =590651+800000+129309+18067 -> 1538027 | D73: 0 | E73: =C73 -> 1538027 | F73: 23.541996 | G73: =E73*F73 -> 36208225
B74: 27 Nov/01 Dec | C74: =4049707+500000 -> 4549707 | D74: 0 | E74: =C74 -> 4549707 | F74: 22.838466 | G74: =E74*F74 -> 1.0390833e+08
B75: 20/24 Nov | C75: =1220300+1228300+1214200+807882+890997 -> 5361679 | D75: 0 | E75: =C75 -> 5361679 | F75: 22.176055 | G75: =E75*F75 -> 1.1890089e+08
B76: 13/17 Nov | C76: =1160000+1170000+1200000+1220000+1220000 -> 5970000 | D76: 0 | E76: =C76 -> 5970000 | F76: 21.39593 | G76: =E76*F76 -> 127733705
B77: 14/18 Aug | C77: 200000 | D77: 0 | E77: =C77 -> 200000 | F77: 24.78 | G77: =E77*F77 -> 4956000
B78: 07/11 Aug | C78: 1000000 | D78: 0 | E78: =C78 -> 1000000 | F78: 24.63 | G78: =E78*F78 -> 24630000
B79: 31 Jul/4 Aug | C79: 200000 | D79: 0 | E79: =C79 -> 200000 | F79: 25.01 | G79: =E79*F79 -> 5002000
B80: 29 May/2 June | C80: 2467205 | D80: 0 | E80: =C80 -> 2467205 | F80: 23.59 | G80: =E80*F80 -> 58201366
B81: 22/26 May | C81: 779362 | D81: 0 | E81: =C81 -> 779362 | F81: 23.93 | G81: =E81*F81 -> 18650133
B82: 15/19 May | C82: 133663 | D82: 0 | E82: =C82 -> 133663 | F82: 23.79 | G82: =E82*F82 -> 3179842.8
B83: 8/12 May | C83: 2307679 | D83: 0 | E83: =C83 -> 2307679 | F83: 24.92 | G83: =E83*F83 -> 57507361
A85: SBB 60 million shares (Q3'22-Q1'23) | B85: 27/31 Mar | C85: 6441601 | D85: 0 | E85: =+C85 -> 6441601 | F85: 27.012 | G85: =E85*F85 -> 1.7400053e+08
B86: 20/24 Mar | C86: 3823988 | D86: 0 | E86: =+C86 -> 3823988 | F86: 25.9885 | G86: =E86*F86 -> 99379712
B87: 13/17 Mar | C87: 3747359 | D87: 0 | E87: =+C87 -> 3747359 | F87: 26.2539 | G87: =E87*F87 -> 98382788
B88: 6/10 Mar | C88: 1626773 | D88: 0 | E88: =+C88 -> 1626773 | F88: 29.458 | G88: =E88*F88 -> 47921479
B89: 27 Feb/3 Mar | C89: 510652 | D89: 0 | E89: =+C89 -> 510652 | F89: 28.7092 | G89: =E89*F89 -> 14660410
B90: 20/24 Feb | C90: 2224568 | D90: 0 | E90: =+C90 -> 2224568 | F90: 28.0605 | G90: =E90*F90 -> 62422490
B91: 13/17 Feb | C91: 730000 | D91: 0 | E91: =+C91 -> 730000 | F91: 27.42 | G91: =E91*F91 -> 20016600
B92: 31 Oct/ 4 Nov | C92: 2017708 | D92: 0 | E92: =+C92 -> 2017708 | F92: 22.59 | G92: =E92*F92 -> 45580024
B93: 24/28 October | C93: 1508838 | D93: 0 | E93: =+C93 -> 1508838 | F93: 22.85 | G93: =E93*F93 -> 34476948
B94: 17/21 October | C94: 2250000 | D94: 0 | E94: =+C94 -> 2250000 | F94: 22.36 | G94: =E94*F94 -> 50310000
B95: 10/14 October | C95: 2250000 | D95: 0 | E95: =+C95 -> 2250000 | F95: 21.57 | G95: =E95*F95 -> 48532500
B96: 3/7 October | C96: 2250000 | D96: 0 | E96: =+C96 -> 2250000 | F96: 21.32 | G96: =E96*F96 -> 47970000
B97: 26/30 September | C97: 5850000 | D97: 0 | E97: =+C97 -> 5850000 | F97: 20.4 | G97: =E97*F97 -> 1.1934e+08
... B105: 01/05 August | C105: 6046287 | D105: 0 | E105: =+C105 -> 6046287 | F105: 23.59 | G105: =E105*F105 -> 1.4263191e+08
A107: SBB $1b (Q2'22) | B107: 6/8 June | C107: 2373805 | D107: 0 | E107: =+C107 -> 2373805 | F107: 30.3462 | G107: =E107*F107 -> 72035961
B108: 31 May/3 June | C108: 7364640 | D108: 0 | E108: =+C108 -> 7364640 | F108: 30.1921 | G108: =E108*F108 -> 2.2235395e+08
B109: 23/27 May | C109: 6717395 | D109: 0 | E109: 6717395 | F109: 28.9249 | G109: =E109*F109 -> 1.9429998e+08
B110: 16/20 May | C110: 8400000 | D110: 0 | E110: 8400000 | F110: 27.4742 | G110: =E110*F110 -> 230783280
B111: 09/13 May | C111: 8493757 | D111: 0 | E111: 8493757 | F111: 26.2669 | G111: =E111*F111 -> 2.2310467e+08
A113: SBB $1b (split Q1/Q2'22) | B113: 25/29 Apr | C113: 366664 | D113: 0 | E113: 366664 | F113: 27.45 | G113: =E113*F113 -> 10064927
B114: 18/22 Apr | C114: 3634500 | D114: 0 | E114: 3634500 | F114: 30.46 | G114: =E114*F114 -> 110706870
B115: 11/15 Apr | C115: 3755000 | D115: 0 | E115: 3755000 | F115: 29.4 | G115: =E115*F115 -> 110397000
B116: 04/08 Apr | C116: 4809000 | D116: 0 | E116: 4809000 | F116: 28.51 | G116: =E116*F116 -> 137104590
B117: April 1 | C117: 921000 | D117: 0 | E117: 921000 | F117: 29.4 | G117: =E117*F117 -> 27077400
B118: 28/31 Mar | C118: 4101298 | D118: 0 | E118: 4101298 | F118: 29.8678 | G118: =E118*F118 -> 1.2249675e+08
B119: 21/25 Mar | C119: 1440438 | D119: 0 | E119: 1440438 | F119: 29.722 | G119: =E119*F119 -> 42812698
B120: 14/18 Mar | C120: 4743883 | D120: 0 | E120: 4743883 | F120: 28.0955 | G120: =E120*F120 -> 1.3328176e+08
B121: 07/11 Mar | C121: 4720000 | D121: 0 | E121: 4720000 | F121: 26.7595 | G121: =E121*F121 -> 126304840
B122: 28 Feb / 04 Mar | C122: 1490000 | D122: 0 | E122: 1490000 | F122: 28.5188 | G122: =E122*F122 -> 42493012
B123: 21/25 Feb | C123: 400000 | D123: 42813 | E123: 442813 | F123: 27.71 | G123: =E123*F123 -> 12270348
B124: 14/18 Feb | C124: 845000 | D124: 482364 | E124: 1327364 | F124: 27.26 | G124: =E124*F124 -> 36183943
A126: SBB $1b (Q4'21 full) | B126: 17/19 Nov | C126: 2818608 | D126: 1608989 | E126: 4427597 | F126: 27.07 | G126: =E126*F126 -> 1.1985505e+08
B127: 22/26 Nov | C127: 5255000 | D127: 2999792 | E127: 8254792 | F127: 26.21 | G127: =E127*F127 -> 2.163581e+08
B128: 29 Nov/3 Dec | C128: 5579000 | D128: 3184746 | E128: 8763746 | F128: 24.54 | G128: =E128*F128 -> 2.1506233e+08
B129: 3/10 Dec | C129: 5313000 | D129: 3032899 | E129: 8345899 | F129: 25.84 | G129: =E129*F129 -> 2.1565803e+08
B130: 13/17 Dec | C130: 1047500 | D130: 597960 | E130: 1645460 | F130: 26.24 | G130: =E130*F130 -> 43176870
B131: 20/24 Dec | C131: 500000 | D131: 285423 | E131: 785423 | F131: 28.62 | G131: =E131*F131 -> 22478806
B132: 27/28 Dec | C132: 1182250 | D132: 674882 | E132: 1857132 | F132: 28.58 | G132: =E132*F132 -> 53076833
A134: SBB $2.2b (split Q3/Q4 2021) | B134: 05 / 06 August | C134: 290613 | D134: 165895 | E134: 456508 | F134: 28.9664 | G134: =E134*F134 -> 13223393
...

Sheet SBB cash
B2: SBB cash per quarter | C2: Periods | D2: M$/quarter | E2: Total M$/SBB | G2: Source/Comments
B3: SBB $500m (split Q3/Q4 2020) | C3: Q3'2020 CFS | D3: -13 | G3: ER Q3'20
C4: Q4'2020 CFS | D4: -487 | E4: =+D3+D4 -> -500 | G4: ER Q4'20
B6: SBB $650m (Q1'21 full) | C6: Q1'2021 CFS | D6: -650 | E6: =+D6 -> -650 | G6: ER Q1'21
B8: SBB $570m (Q2'21 full) | C8: Q2'2021 CFS | D8: -570 | E8: =+D8 -> -570 | G8: ER Q2'21
B9: SBB $750m (split Q2/Q3 2021) | C9: Q2'2021 CFS | D9: =-750+323 -> -427 | G9: ER Q2'21
C10: Total Q2'2021 | D10: =+D8+D9 -> -997 | G10: ER Q2'21
B12: SBB $750m (split Q2/Q3 2021) | C12: Q3'2021 CFS | D12: =-750-D9 -> -323 | E12: =+D9+D12 -> -750 | G12: ER Q3'21
B13: SBB $2.2b (split Q3/Q4 2021) | C13: Q3'2021 CFS | D13: -1380 | G13: ER Q3'21
C14: Total Q3'2021 | D14: =SUM(D12:D13) -> -1703 | G14: ER Q3'21
B16: SBB $2.2b (split Q3/Q4 2021) | C16: Q4'2021 CFS | D16: =-2200-D13 -> -820 | E16: =+D13+D16 -> -2200
B17: SBB $1b (Q4 2021 full) | C17: Q4'2021 CFS | D17: -1000 | E17: =+D17 -> -1000
C18: Total Q4'2021 | D18: =SUM(D16:D17) -> -1820 | G18: ER Q4'21
B20: 1st SBB $1b (Q1 2022 split Q1/Q2 2022) | C20: Q1'2022 CFS | D20: -504 | G20: ER Q1'22
B22: 1st SBB $1b (Q2 2022 split Q1/Q2 2022) | C22: Q2'2022 CFS | D22: =-1000-D20 -> -496 | E22: =+D22+D20 -> -1000 | G22: ER Q2'22
B23: 2nd SBB $1b (Q2 2022 full) | C23: Q2'2022 CFS | D23: -1000 | E23: =+D23 -> -1000 | G23: ER Q2'22
C24: Total Q2'2022 | D24: =+D22+D23 -> -1496
B26: SBB 60m shares ongoing (2HY 2022) | C26: Q3'2022 CFS | D26: -649 | G26: ER Q3'22
C27: Q4'2022 CFS | D27: -288 | G27: ER Q4'22
C28: Total 2H'2022 | D28: =SUM(D26:D27) -> -937
B30: SBB 60m shares (finalized in Q1 2023) | C30: Q1'2023 CFS | D30: -477 | G30: ER Q1'23: "$477m related to ArcelorMittal share buybacks (19.1 million shares for a total value of $555m of which $78m settled early April 2023)"
B31: SBB 60m shares (finalized in Q1 2023, partially paid in Q2'2023) | C31: Q2'2023 CFS | D31: -78 | E31: =D31+D30+D26+D27 -> -1492 | G31: Refer comment above
B32: SBB ongoing for 85m shares (Q2'2023 part) | C32: Q2'2023 CFS | D32: -149 | G32: ER Q2'23
C33: Total Q2'2023 | D33: =+D31+D32 -> -227
B34: SBB ongoing for 85m shares (Q3'2023 part) | C34: Q3'2023 CFS | D34: -38 | G34: ER Q3'23
B35: SBB ongoing for 85m shares (Q4'2023 part) | C35: Q4'2023 CFS | D35: -466 | G35: ER Q4'23
C36: Total 2H'2023 | D36: =SUM(D34:D35) -> -504
B38: SBB ongoing for 85m shares (Q1'2024 part) | C38: Q1'2024 CFS | D38: -597 | G38: ER Q1'24
B39: SBB ongoing for 85m shares (Q2'2024 part) | C39: Q2'2024 CFS | D39: -293 | G39: ER Q2'24
B40: SBB ongoing for 85m shares (Q3'2024 part) | C40: Q3'2024 CFS | D40: -277 | G40: ER Q3'24
B41: SBB ongoing for 85m shares (Q4'2024 part) | C41: Q4'2024 CFS | D41: -133 | G41: ER Q4'24
C42: Total 2024 | D42: =SUM(D38:D41) -> -1300
B44: SBB ongoing for 85m shares (Q1'2025 part) | C44: Q1'2025 CFS | D44: -94 | G44: $0.2b total AM shares repurchased in the SBB 85m shares, of which: - $0.1b paid during the month of March (as per ER Q1'25) and - $0.1b balance payable as of March 31st (paid early April)
B45: SBB 85m shares (finalized in Q2'2025) | C45: Q2'2025 CFS | D45: -109 | E45: =D34+D32+D35+D38+D39+D40+D41+D44+D45 -> -2156 | G45: finalization of the 85m SBB of which $0.1b balance payable as of March 31st (paid early April) and the additional shares purchased on April 1st
B46: SBB ongoing for 10m shares (Q2'25) | C46: Q2'2025 CFS | D46: -59 | E46: =D46 -> -59 | G46: ER Q2'25 (total $168m)
B48: SBB 10m shares (finalized in Q2'26) - Tranche 1 | C48: Q2'2026 CFS | D48: -483 | E48: =D48 -> -483 | G48: $0.5b total AM shares repurchased in the SBB 10m shares, of which: - approx. $483m paid during the months of May & June, and - approx. $27m balance payable as of June 30th (paid early July)
B49: SBB 10m shares (Q3'26) - Tranche 2 | C49: Q3'2026 CFS | D49: =-99.9999914877626-27-150 -> -276.99999 | E49: =D49 -> -276.99999 | G49: unaudited $250 million for Q3'26 + $27 million from Q2'26 paid in July
C50: Total SBB 2020/2026 | D50: =+D3+D4+D6+D8+D9+D12+D13+D16+D17+D20+D22+D23+D26+D27+D30+D32+D31+D34+D35+D38+D39+D40+D41+D44+D45+D46+D48+D49 -> -12137 | E50: =SUM(E3:E49) -> -12137
B53: Mandatory convertible notes (MCN), partial redeemption of Dec. 23, 2021 | D53: -1196 | G53: Annual report December 2021
B55: Dividends paid to ArcelorMittal shareholders in 2021 | D55: =-284-28 -> -312 | G55: Annual report December 2021
B56: Dividends paid to ArcelorMittal shareholders in Jun 2022 ($0.38c per share) | D56: -332 | G56: Annual report December 2022
B57: Dividends paid to ArcelorMittal shareholders in Jun 2023 | D57: -185 | G57: Annual report December 2023: "On May 2, 2023 at the annual general meeting of shareholders, the shareholders approved the Company’s dividend of $0.44/sh. The dividend amounted to $369m and payment includes two installments; the 1st installment of $185m was paid on June 15, 2023 and the second one of $184m was settled on December 7, 2023."
B58: Dividends paid to ArcelorMittal shareholders in Dec 2023 | D58: -184
B59: Dividends paid to ArcelorMittal shareholders in June 2024 | D59: -200 | G59: ER Q1'24: The $0.50/sh base dividend for 2023 will be paid in 2 equal installments in June 2024 and December 2024
B60: Dividends paid to ArcelorMittal shareholders in December 2024 | D60: -193
B61: Dividends paid to ArcelorMittal shareholders in June 2025 (1st Tranche) | D61: -210.13462 | G61: ER Q1'25: The $0.55/sh base dividend for 2024 will be paid in 2 equal installments in June 2025 and December 2025
B62: Dividends paid to ArcelorMittal shareholders in Dec 2025 (2nd Tranche) | D62: -211
B63: Dividends paid to ArcelorMittal shareholders in March 2026 (1st Tranche) | D63: -114 | G63: ER Q4'25: The 2026 dividend is $0.60 per share. The dividend payments would occur on a quarterly basis (to be paid in equal installments in March, June, September and December) taking into account that the first quarter dividend payment to be paid in March 2026 shall be an interim dividend
B64: Dividends paid to ArcelorMittal shareholders in June 2026 (2nd Tranche) | D64: -114
B65: Dividends paid to ArcelorMittal shareholders in Sep 2026 (3rd Tranche) | D65: =-0.15*'Shares issued, TS & outstanding'!E95/10^6 -> -112.60282 | E65: Estim.
B66: Total returns declared since Sep’20 | D66: ~ -$15.5 billion

Sheet Shares issued, TS & outstanding
B1: Number of shares (end of period) | C1: Shares issued | D1: Treasury shares (TS) | E1: Shares outstanding
B2: December 2019 | C2: 1021903623 | D2: -9824202 | E2: =+C2+D2 -> 1012079421
B3: Others | C3: 0 | D3: 106346 | E3: =+C3+D3 -> 106346
B4: March 2020 | C4: =SUM(C2:C3) -> 1021903623 | D4: =SUM(D2:D3) -> -9717856 | E4: =+C4+D4 -> 1012185767
B5: Capital increase May 2020 | C5: 80906149 | D5: 0 | E5: =+C5+D5 -> 80906149
B6: Others | D6: 3399 | E6: =+C6+D6 -> 3399
B7: June 2020 | C7: 1102809772 | D7: -9714457 | E7: =+C7+D7 -> 1093095315
B8: SBB $500m (Q3 2020 part) | C8: 0 | D8: -4559734 | E8: =+C8+D8 -> -4559734
B9: Others | D9: 22855 | E9: =+C9+D9 -> 22855
B10: September 2020 | C10: 1102809772 | D10: -14251336 | E10: =+C10+D10 -> 1088558436
B11: SBB $500m (Q4 2020 part) | C11: 0 | D11: =-35636253-D8 -> -31076519 | E11: =+C11+D11 -> -31076519
B12: MCN partial reimbursments | C12: 0 | D12: 22653933 | E12: =+C12+D12 -> 22653933
B13: Others | D13: 598563 | E13: =+C13+D13 -> 598563
B14: December 2020 | C14: 1102809772 | D14: -22075359 | E14: =+C14+D14 -> 1080734413
B15: SBB $650m (Q1'21 full) | D15: -27113321 | E15: =+C15+D15 -> -27113321
B16: Others | C16: 0 | D16: 138323 | E16: =+C16+D16 -> 138323
B17: March 2021 | C17: 1102809772 | D17: -49050357 | E17: =+C17+D17 -> 1053759415
B18: SBB $570m (Q2 2021 part) | D18: -17847057 | E18: =+C18+D18 -> -17847057
B19: SBB $750m (Q2 2021 part) | D19: -17253100 | E19: =+C19+D19 -> -17253100
B20: Others | D20: 546856 | E20: =+C20+D20 -> 546856
B21: June 2021 | C21: 1102809772 | D21: -83603658 | E21: =+C21+D21 -> 1019206114
B22: SBB $750m (Q3 2021 part) | D22: -7205424 | E22: =+C22+D22 -> -7205424
B23: SBB $2.2b (Q3 2021 part) | D23: -42299224 | E23: =+C23+D23 -> -42299224
B24: Cancellation 70m shares (August 4, 2021) | C24: -70000000 | D24: =-C24 -> 70000000 | E24: =+C24+D24 -> 0
B25: Cancellation 50m shares (Sept. 22, 2021) | C25: -50000000 | D25: =-C25 -> 50000000 | E25: =+C25+D25 -> 0
B26: Others | D26: 96534 | E26: =+C26+D26 -> 96534
B27: September 2021 | C27: 982809772 | D27: =-12211712-800060 -> -13011772 | E27: =+C27+D27 -> 969798000
B28: SBB $2.2b (Q4 2021 part) | D28: =-67404066-D23 -> -25104842 | E28: =+C28+D28 -> -25104842
B29: SBB $1b (Q4 2021 full) | D29: -34080049 | E29: =+C29+D29 -> -34080049
B30: Others | D30: =280033-1196-6422+7678 -> 280093 | E30: =+C30+D30 -> 280093
B31: December 2021 | C31: 982809772 | D31: =-71116570-800000 -> -71916570 | E31: =+C31+D31 -> 910893202
B32: Cancellation 45m shares (January 14, 2022) | C32: -45000000 | D32: 45000000 | E32: =+C32+D32 -> 0
B33: 1st SBB 2022 $1b (Q1 2022 part) | D33: -18265796 | E33: =+C33+D33 -> -18265796
B34: Others | D34: 518234 | E34: =+C34+D34 -> 518234
B35: March 2022 | C35: =+SUM(C31:C34) -> 937809772 | D35: =+SUM(D31:D34) -> -44664132 | E35: =+SUM(E31:E34) -> 893145640
B36: 1st SBB 2022 $1b (Q2 2022 part) | D36: =-31751960-D33 -> -13486164 | E36: =+C36+D36 -> -13486164
B37: 2nd SBB 2022 $1b (Q2 2022 full) | D37: -33349597 | E37: =+C37+D37 -> -33349597
B38: Cancellation 60m shares (May 18, 2022) | C38: -60000000 | D38: =-C38 -> 60000000 | E38: =+C38+D38 -> 0
B39: Others | D39: =296421+16149 -> 312570 | E39: =+C39+D39 -> 312570
B40: June 2022 | C40: =SUM(C35:C39) -> 877809772 | D40: =SUM(D35:D39) -> -31187323 | E40: =SUM(E35:E39) -> 846622449
B41: SBB 60m shares ongoing (Q3 2022 part) | D41: =-SUM('Share buyback program SBB '!E97:E105) -> -31049893 | E41: =+C41+D41 -> -31049893
B42: Others | D42: 21426 | E42: =+C42+D42 -> 21426
B43: September 2022 | C43: =SUM(C40:C42) -> 877809772 | D43: =SUM(D40:D42) -> -62215790 | E43: =SUM(E40:E42) -> 815593982
B44: SBB 60m shares ongoing (Q4 2022 part) | D44: =-SUM('Share buyback program SBB '!E92:E105)-D41 -> -10276546 | E44: =+C44+D44 -> -10276546
B45: Others | D45: 20493 | E45: =+C45+D45 -> 20493
B46: December 2022 | C46: =SUM(C43:C45) -> 877809772 | D46: =SUM(D43:D45) -> -72471843 | E46: =SUM(E43:E45) -> 805337929
B47: SBB 60m shares finalized (Q1 2023 part) | D47: =-SUM('Share buyback program SBB '!C85:C91) -> -19104941 | E47: =D47+C47 -> -19104941
B48: Others | D48: 720007 | E48: =D48+C48 -> 720007
B49: March 2023 | C49: =SUM(C46:C48) -> 877809772 | D49: =SUM(D46:D48) -> -90856777 | E49: =SUM(E46:E48) -> 786952995
B50: SBB 85m shares ongoing (Q2 2023 part) | D50: =-SUM('Share buyback program SBB '!C80:C83) -> -5687909 | E50: =D50+C50 -> -5687909
B51: Cancellation 25m shares (April 28, 2023) | C51: -25000000 | D51: 25000000 | E51: =D51+C51 -> 0
B52: Conversion of the mandatory convertible subordinates notes (MCN) | D52: 57166059 | E52: =D52+C52 -> 57166059
B53: Others | D53: 812508 | E53: =D53+C53 -> 812508
B54: June 2023 | C54: =SUM(C49:C53) -> 852809772 | D54: =SUM(D49:D53) -> -13566119 | E54: =SUM(E49:E53) -> 839243653
B55: SBB 85m shares ongoing (Q3 2023 part) | D55: =-SUM('Share buyback program SBB '!E77:E79) -> -1400000 | E55: =D55+C55 -> -1400000
B56: Others | D56: 47303 | E56: =D56+C56 -> 47303
B57: September 2023 | C57: =SUM(C54:C56) -> 852809772 | D57: =SUM(D54:D56) -> -14918816 | E57: =SUM(E54:E56) -> 837890956
B58: SBB 85m shares ongoing (Q4 2023 part) | D58: =-SUM('Share buyback program SBB '!E72:E76) -> -19163145 | E58: =D58+C58 -> -19163145
B59: Others | D59: 543945 | E59: =D59+C59 -> 543945
B60: December 2023 | C60: =SUM(C57:C59) -> 852809772 | D60: =SUM(D57:D59) -> -33538016 | E60: =SUM(E57:E59) -> 819271756
B61: SBB 85m shares ongoing (Q1 2024 part) | D61: =-SUM('Share buyback program SBB '!C58:C70) -> -22524803 | E61: =D61+C61 -> -22524803
B62: Others | D62: 577308 | E62: =D62+C62 -> 577308
B63: March 2024 | C63: =SUM(C60:C62) -> 852809772 | D63: =SUM(D60:D62) -> -55485511 | E63: =SUM(E60:E62) -> 797324261
B64: SBB 85m shares ongoing (Q2 2024 part) | D64: =-SUM('Share buyback program SBB '!C50:C57) -> -12163499 | E64: =D64+C64 -> -12163499
B65: Others | D65: 227028 | E65: =D65+C65 -> 227028
B66: June 2024 | C66: =SUM(C63:C65) -> 852809772 | D66: =SUM(D63:D65) -> -67421982 | E66: =SUM(E63:E65) -> 785387790
B67: SBB 85m shares ongoing (Q3 2024 part) | D67: =-SUM('Share buyback program SBB '!C41:C49) -> -11926071 | E67: =D67+C67 -> -11926071
B68: Others | D68: 40256 | E68: =D68+C68 -> 40256
B69: Sep 2024 | C69: =SUM(C66:C68) -> 852809772 | D69: =SUM(D66:D68) -> -79307797 | E69: =SUM(E66:E68) -> 773501975
B70: SBB 85m shares ongoing (Q4 2024 part) | D70: =-SUM('Share buyback program SBB '!C36:C40) -> -5343014 | E70: =D70+C70 -> -5343014
B71: Others | D71: 387661 | E71: =D71+C71 -> 387661
B72: Dec 2024 | C72: =SUM(C69:C71) -> 852809772 | D72: =SUM(D69:D71) -> -84263150 | E72: =SUM(E69:E71) -> 768546622
B73: SBB 85m shares ongoing (Q1 2025 part) | D73: -5984000 | E73: =+D73+C73 -> -5984000
B74: Others | D74: 645335 | E74: =+D74+C74 -> 645335
B75: March 2025 | C75: =SUM(C72:C74) -> 852809772 | D75: =SUM(D72:D74) -> -89601815 | E75: =SUM(E72:E74) -> 763207957
B76: SBB 85m shares finalised (Q2 2025 part) | D76: -807559 | E76: =+D76+C76 -> -807559
B77: SBB 10m shares ongoing (Q2 2025 part) | D77: -2000000 | E77: =+D77+C77 -> -2000000
B78: Others | D78: 89117 | E78: =+D78+C78 -> 89117
B79: June 2025 | C79: =SUM(C75:C78) -> 852809772 | D79: =SUM(D75:D78) -> -92320257 | E79: =SUM(E75:E78) -> 760489515
B80: SBB 10m shares ongoing | D80: 0 | E80: =+D80+C80 -> 0 | F80: No SBB during Q3 2025
B81: Others | D81: 48681 | E81: =+D81+C81 -> 48681
B82: September 2025 | C82: =SUM(C79:C81) -> 852809772 | D82: =SUM(D79:D81) -> -92271576 | E82: =SUM(E79:E81) -> 760538196
B83: SBB 10m shares ongoing | D83: 0 | E83: =D83+C83 -> 0 | F83: No SBB during Q4 2025
B84: Cancellation 77.8m shares (Nov 20 2025) | C84: -77809772 | D84: =-C84 -> 77809772 | E84: =D84+C84 -> 0 | F84: https://corporate.arcelormittal.com/media/news/regulatory-news/arcelormittal-cancels-77-809-772-treasury-shares
B85: Others | D85: 587623 | E85: =D85+C85 -> 587623
B86: December 2025 | C86: =SUM(C82:C85) -> 775000000 | D86: =SUM(D82:D85) -> -13874181 | E86: =SUM(E82:E85) -> 761125819
B87: SBB 10m shares ongoing | C87: 0 | D87: 0 | E87: =D87+C87 -> 0 | F87: No SBB during Q1 2026
B88: Others | D88: 809564 | E88: =D88+C88 -> 809564
B89: March 2026 | C89: =SUM(C86:C88) -> 775000000 | D89: =SUM(D86:D88) -> -13064617 | E89: =SUM(E86:E88) -> 761935383
B90: SBB 10m shares finalised - Tranche 1 (Q2 2026 part) | C90: 0 | D90: -8000000 | E90: =D90+C90 -> -8000000
B91: Others | C91: 0 | D91: 106315 | E91: =D91+C91 -> 106315
B92: June 2026 | C92: =SUM(C89:C91) -> 775000000 | D92: =SUM(D89:D91) -> -20958302 | E92: =SUM(E89:E91) -> 754041698
B93: SBB 10m shares - Tranches 1 & 2 (Q3 2026 part) | C93: 0 | D93: -3414936 | E93: =D93+C93 -> -3414936
B94: Others | C94: 0 | D94: 58711 | E94: =D94+C94 -> 58711
B95: September 2026 | C95: =SUM(C92:C94) -> 775000000 | D95: =SUM(D92:D94) -> -24314527 | E95: =SUM(E92:E94) -> 750685473 | F95: Shareholding structure | ArcelorMittal
B96: Notes:
B97: Others relate to share based payments. Please refer to 20F (note 8.3) for details

Sheet EPS
A1: ArcelorMittal EPS analysis
C2: Q1 2020 | D2: Q2 2020 | E2: Half year 2020 | F2: Q3 2020 | G2: 9M 2020 | H2: Q4 2020 | I2: Full year 2020 | J2: Q1 2021 | K2: Q2 2021 | L2: Half year 2021 | M2: Q3 2021 | N2: 9 months 2021 | O2: Q4 2021 | P2: Full year 2021 | Q2: Q1 2022 | R2: Q2 2022 | S2: Half year 2022 | T2: Q3 2022 | U2: 9 Months 2022 | V2: Q4 2022 | W2: 12 Months 2022 | X2: Q1 2023 | Y2: Q2 2023 | Z2: Half year 2023 | AA2: Q3 2023 | AB2: 9 Months 2023 | AC2: Q4 2023 | AD2: 12 Months 2023 | AE2: Q1 2024 | AF2: Q2 2024 | AG2: Q3 2024 | AH2: Q4 2024 | AI2: 12 months 2024 | AJ2: Half year 2024 | AK2: Q1 2025 | AL2: Q2 2025 | AM2: Half year 2025 | AN2: Q3 2025 | AO2: 9 Months 2025 | AP2: Q4'2025 | AQ2: 12 Months 2025 | AS2: Q1 2026 | AT2: Q2 2026 | AU2: Half year 2026 | AV2: Q3 2026 | AW2: 9 Months 2026 | AX2: Q4'26 | AY2: 12 Months 2026
A3: Net result of the period (a) | B3: m$ | C3: -1120 | D3: -559 | E3: -1678.6 | F3: -261 | G3: -1940 | H3: 1207 | I3: -733 | J3: 2285 | K3: 4005 | L3: =J3+K3 -> 6290 | M3: 4621 | N3: =10911 -> 10911 | O3: 4045 | P3: 14956 | Q3: 4125 | R3: 3923 | S3: 8048 | T3: 993 | U3: 9041 | V3: 261 | W3: 9302 | X3: 1096 | Y3: 1859.7996 | Z3: 2955.8618 | AA3: 928.78631 | AB3: 3884.6481 | AC3: -2966 | AD3: 919 | AE3: =938471061.309256/10^6 -> 938.47106 | AF3: 504 | AG3: =287099454.65054/10^6 -> 287.09945 | AH3: -390 | AI3: 1339 | AJ3: 1442 | AK3: 805 | AL3: 1793 | AM3: 2598 | AN3: 377 | AO3: 2975 | AP3: 177 | AQ3: 3152.307 | AS3: 575 | AT3: 683 | AU3: 1258
A5: Share outstanding (issued less TS) - Op. balance | B5: million shares | C5: 1012 | D5: 1012 | E5: 1012 | F5: 1012 | G5: 1012 | H5: 1008 | I5: 1012 | J5: 1081 | K5: 1054 | L5: 1081 | M5: 1019 | N5: 1081 | O5: 970 | P5: 1081 | Q5: 911 | R5: 893 | S5: 911 | T5: 847 | U5: =+Q5 -> 911 | V5: 816 | W5: =+Q5 -> 911 | X5: ='Shares issued, TS & outstanding'!E46/10^6 -> 805.33793 | Y5: 787 | Z5: =X5 -> 805.33793 | AA5: 839 | AB5: 805 | AC5: 838 | AD5: =AB5 -> 805 | AE5: 819 | AF5: 797 | AG5: 785.22703 | AH5: 774 | AI5: 819 | AJ5: 819 | AK5: 768 | AL5: 763.20796 | AM5: =768546621.999995/10^6 -> 768.54662 | AN5: =760489515/10^6 -> 760.48951 | AO5: 768.54662 | AP5: =760538195.999995/10^6 -> 760.5382 | AQ5: 768.54662 | AS5: 761.12582 | AT5: 761.93538 | AU5: 761.12582 | AV5: 754.0417 | AW5: =AU5 -> 761.12582
A6: Equity offering in May 2020 (weighted average) | C6: 0 | D6: 42 | E6: 21 | F6: 81 | G6: 41 | H6: 81 | I6: 51 | J6: 0 | K6: 0 | L6: 0 | M6: 0 | N6: 0 | O6: 0 | P6: 0 | Q6: 0 | R6: 0 | S6: 0 | T6: 0 | U6: 0 | V6: 0 | W6: 0 | X6: 0 | AE6: 0 | AF6: 0 | AJ6: 0 | AK6: 0 | AS6: 0
A7: Share buyback (weighted average per period) | C7: 0 | D7: 0 | E7: 0 | F7: 0 | G7: 0 | H7: -24 | I7: -7 | J7: -11 | K7: -8 | L7: -25 | M7: -19 | N7: -42 | O7: -29 | P7: -68 | Q7: -3 | R7: -26 | S7: -24 | T7: -12 | U7: -42 | V7: -8 | W7: -58 | X7: -3 | Y7: -3 | Z7: -12 | AA7: -1 | AB7: -16 | AC7: -8 | AD7: -21.230492 | AE7: -10 | AF7: -3.2033376 | AG7: -7 | AH7: -2 | AI7: -32 | AJ7: -17.679703 | AK7: 0 | AL7: =-1611640.52747253/10^6 -> -1.6116405 | AM7: =-4052166.30939227/10^6 -> -4.0521663 | AN7: 0 | AO7: -5.6493243 | AP7: 0 | AQ7: -6.4413396 | AS7: 0 | AT7: -2.0379258 | AU7: -1.02 | AV7: -1 | AW7: -3.7
A8: Mandatorily Convertible Notes (MCN*) | C8: 0 | D8: 65 | E8: 33 | F8: 135 | G8: 67 | H8: 134 | I8: 84 | J8: 108 | K8: 108 | L8: 108 | M8: 109 | N8: 108 | O8: 89 | P8: 92 | Q8: 56 | R8: 57 | S8: 57 | T8: 57 | U8: 57 | V8: 57 | W8: 57 | X8: 57 | Y8: 57 | Z8: 57 | AA8: 0 | AB8: 57 | AC8: 0 | AD8: =AB8 -> 57 | AE8: 0 | AF8: 0 | AG8: 0 | AH8: 0 | AI8: 0 | AJ8: 0 | AK8: 0 | AL8: 0 | AM8: 0 | AN8: 0 | AO8: 0 | AP8: 0 | AQ8: 0 | AS8: 0
A9: Others (share based payments realisation) | W9: 1 | Y9: 1 | Z9: 1 | AA9: 0 | AB9: 1 | AC9: 0 | AD9: 1.1680115 | AE9: 0 | AF9: 0 | AG9: 0 | AH9: 0 | AI9: 1 | AJ9: 0.55240657 | AK9: 0 | AL9: 0 | AM9: =454991.740331492/10^6 -> 0.45499174 | AN9: 0.4 | AO9: 0.55355046 | AP9: 0 | AQ9: 1 | AS9: 0 | AT9: 0.06 | AU9: 0.54 | AV9: 0 | AW9: 0.68
A10: Weighted average share outstanding + MCN for the EPS basic (b) | C10: 1012 | D10: 1119 | E10: 1066 | F10: 1228 | G10: 1120 | H10: 1199 | I10: 1140 | J10: 1178 | K10: 1154 | L10: 1164 | M10: 1109 | N10: 1147 | O10: 1030 | P10: 1105 | Q10: =SUM(Q5:Q9) -> 964 | R10: =SUM(R5:R9) -> 924 | S10: =SUM(S5:S9) -> 944 | T10: =SUM(T5:T9) -> 892 | U10: =SUM(U5:U9) -> 926 | V10: =SUM(V5:V9) -> 865 | W10: =SUM(W5:W9) -> 911 | X10: =SUM(X5:X9) -> 859.33793 | ... AQ10: =SUM(AQ5:AQ9) -> 763.10528 | AS10: =SUM(AS5:AS9) -> 761.12582 | AT10: =SUM(AT5:AT9) -> 759.95746 | AU10: =SUM(AU5:AU9) -> 760.64582 | AV10: =SUM(AV5:AV9) -> 753.0417 | AW10: =SUM(AW5:AW9) -> 758.10582 | AX10: =SUM(AX5:AX9) -> 0 | AY10: =SUM(AY5:AY9) -> 0
A11: Dilutive effect of the share based payment (in vesting) | C11: 0 | D11: 0 | E11: 0 | F11: 0 | G11: 0 | H11: 5 | I11: 0 | J11: 5 | K11: 3 | L11: 3 | M11: 3 | N11: 3 | O11: 3 | P11: 3.3 | Q11: 2 | R11: 2 | S11: 2 | T11: 3 | U11: =+T11 -> 3 | V11: 3 | W11: 3 | X11: 3 | Y11: 3 | Z11: 3 | AA11: 3 | AB11: 3 | AC11: 0 | AD11: 3 | AE11: 2 | AF11: 2 | AG11: 2 | AH11: 2 | AI11: 2 | AJ11: 2 | AK11: 2.5 | AL11: 2.5 | AM11: 3 | AN11: 2.5 | AO11: 3 | AP11: 3 | AQ11: 3 | AS11: 3 | AT11: 4 | AU11: 3.8 | AV11: 3 | AW11: 3
A12: Weighted average share outstanding + MCN for the diluted EPS (c) | C12: 1012 | D12: 1119 | E12: 1066 | F12: 1228 | G12: 1120 | H12: 1204 | I12: 1140 | J12: 1183 | K12: 1157 | L12: 1167 | M12: 1112 | N12: 1150 | O12: 1033 | P12: 1108.3 | Q12: =SUM(Q10:Q11) -> 966 | R12: =SUM(R10:R11) -> 926 | S12: =SUM(S10:S11) -> 946 | T12: =SUM(T10:T11) -> 895 | U12: =SUM(U10:U11) -> 929 | V12: =SUM(V10:V11) -> 868 | W12: =SUM(W10:W11) -> 914 | X12: =SUM(X10:X11) -> 862.33793 | ... AE12: =SUM(AE10:AE11) -> 811 | AF12: 797 | AG12: =SUM(AG10:AG11) -> 780.22703 | AH12: =SUM(AH10:AH11) -> 774 | AI12: =SUM(AI10:AI11) -> 790 | AJ12: =SUM(AJ10:AJ11) -> 803.8727 | AK12: 770.5 | AL12: 765 | AM12: =SUM(AM10:AM11) -> 767.94945 | AN12: 764 | AO12: =SUM(AO10:AO11) -> 766.45085 | AP12: =SUM(AP10:AP11) -> 763.5382 | AQ12: =SUM(AQ10:AQ11) -> 766.10528 | AS12: =SUM(AS10:AS11) -> 764.12582 | AT12: =SUM(AT10:AT11) -> 763.95746 | AU12: =SUM(AU10:AU11) -> 764.44582 | AV12: =SUM(AV10:AV11) -> 756.0417 | AW12: =SUM(AW10:AW11) -> 761.10582 | AX12: =SUM(AX10:AX11) -> 0 | AY12: =SUM(AY10:AY11) -> 0
A15: Basic EPS (a)/(b) | B15: $/share | C15: -1.11 | D15: -0.5 | E15: -1.57 | F15: -0.21 | G15: -1.73 | H15: 1.01 | I15: -0.64 | J15: 1.94 | K15: 3.47 | L15: 5.4 | M15: 4.17 | N15: 9.52 | O15: 3.93 | P15: 13.53 | Q15: 4.28 | R15: =+R3/R10 -> 4.245671 | S15: =+S3/S10 -> 8.5254237 | T15: =+T3/T10 -> 1.1132287 | U15: =+U3/U10 -> 9.7634989 | V15: =+V3/V10 -> 0.3017341 | W15: =+W3/W10 -> 10.210757 | X15: =+X3/X10 -> 1.2754005 | Y15: =+Y3/Y10 -> 2.2087881 | ... AB15: =+AB3/AB10 -> 4.5863614 | AC15: =IFERROR(+AC3/AC10,0) -> -3.573494 | AD15: =IFERROR(+AD3/AD10,0) -> 1.0915299 | AE15: =+AE3/AE10 -> 1.1600384 | AF15: =+AF3/AF10 -> 0.6349233 | AG15: =+AG3/AG10 -> 0.36891478 | AH15: =+AH3/AH10 -> -0.50518135 | AI15: =+AI3/AI10 -> 1.6992386 | AJ15: =+AJ3/AJ10 -> 1.7982904 | AK15: =+AK3/AK10 -> 1.0481771 | AL15: =+AL3/AL10 -> 2.3542656 | ... AQ15: =+AQ3/AQ10 -> 4.130894 | AS15: =+AS3/AS10 -> 0.75545985 | AT15: =+AT3/AT10 -> 0.89873452 | AU15: =+AU3/AU10 -> 1.6538578 | AV15: =+AV3/AV10 -> 0 | AW15: =+AW3/AW10 -> 0 | AX15: =+AX3/AX10 -> #DIV/0! | AY15: =+AY3/AY10 -> #DIV/0! | AZ15: Formula derived
A16: Diluted EPS (a)/(c) | C16: -1.11 | D16: -0.5 | E16: -1.57 | F16: -0.21 | G16: -1.73 | H16: 1 | I16: -0.64 | J16: 1.93 | K16: 3.46 | L16: 5.39 | M16: 4.16 | N16: 9.49 | O16: 3.92 | P16: 13.49 | Q16: 4.27 | R16: =R3/R12 -> 4.2365011 | S16: =S3/S12 -> 8.5073996 | T16: =T3/T12 -> 1.1094972 | U16: =U3/U12 -> 9.7319699 | V16: =V3/V12 -> 0.30069124 | W16: =W3/W12 -> 10.177243 | X16: =X3/X12 -> 1.2709635 | Y16: =Y3/Y12 -> 2.2009463 | ... AB16: =AB3/AB12 -> 4.5701743 | AC16: =IFERROR(AC3/AC12,0) -> -3.573494 | AD16: =IFERROR(AD3/AD12,0) -> 1.0876544 | AE16: =AE3/AE12 -> 1.1571776 | AF16: =AF3/AF12 -> 0.63237139 | AG16: =AG3/AG12 -> 0.36796912 | AH16: =AH15 -> -0.50518135 | AI16: =AI3/AI12 -> 1.6949367 | AJ16: =AJ3/AJ12 -> 1.7938164 | AK16: =AK3/AK12 -> 1.0447761 | AL16: =AL3/AL12 -> 2.3437908 | AM16: =AM3/AM12 -> 3.3830352 | AN16: =AN3/AN12 -> 0.4934555 | AO16: =AO3/AO12 -> 3.8815274 | AP16: =AP3/AP12 -> 0.23181551 | AQ16: =AQ3/AQ12 -> 4.1147177 | AS16: =AS3/AS12 -> 0.75249388 | AT16: =AT3/AT12 -> 0.89402884 | AU16: =AU3/AU12 -> 1.6456366 | AV16: =AV3/AV12 -> 0 | AW16: =AW3/AW12 -> 0 | AX16: =AX3/AX12 -> #DIV/0! | AY16: =AY3/AY12 -> #DIV/0! | AZ16: Formula derived
A18: EPS: refers to basic or diluted earnings/loss per share.
A19: * MCN equivalent shares outstanding adjusted of latest conversion price due to AM shareholders
